 Dungeon Sprint DCSS version 0.21.1-1-g345015f (webtiles) character file.

39 Dfrag the Skirmisher (level 3, 0/39 HPs)
             Began as a Gargoyle Berserker on Feb 25, 2018.
             Was a Believer of Trog.
             Slain by a water elemental (15 damage)
             ... in the Dungeon (Sprint III: "The Ten Rune Challenge").
             The game lasted 00:00:24 (115 turns).

Dfrag the Skirmisher (Gargoyle Berserker)            Turns: 115, Time: 00:00:24

Health: 0/39       AC:  5    Str: 26    XL:     3   Next: 45%
Magic:  3/3        EV: 12    Int:  7    God:    Trog [**....]
Gold:   34         SH:  0    Dex:  9    Spells: 2/2 levels left

rFire    . . .     SeeInvis .   a - +0 hand axe
rCold    . . .     Gourm    .   (no shield)
rNeg     + . .     Faith    .   b - +0 animal skin
rPois    ∞         Spirit   .   (no helmet)
rElec    +         Reflect  .   (no cloak)
rCorr    .         Harm     .   (no gloves)
MR       .....     NoTele   +   (no boots)
Stlth    ..........             (no amulet)
HPRegen  0.13/turn              (no ring)
MPRegen  0.08/turn              (no ring)

@: berserking, engulfed, very quick
A: negative energy resistance 1, electricity resistance, unbreathing,
petrification resistance, rot immunity, AC +3
a: Berserk, Trog's Hand, Burn Spellbooks, Renounce Religion


You were in the Dungeon.
You worshipped Trog.
Trog was pleased with you.
You were not hungry.

You visited 1 branch You collected 34 gold pieces.

Inventory:

Hand Weapons
 a - a +0 hand axe (weapon)
Armour
 b - a +0 animal skin (worn)
Scrolls
 i - a scroll of blinking
 l - a scroll of torment {unknown}
 m - 4 scrolls of identify
 n - 2 scrolls of remove curse {unknown}
 q - a scroll of immolation {unknown}
Potions
 d - a potion of curing
 e - a potion of heal wounds
 f - a potion of haste
 g - 2 potions of magic
 h - a potion of berserk rage
 k - 3 potions of mutation {unknown}
 o - a potion of invisibility {unknown}
 p - 2 potions of flight {unknown}
Comestibles
 c - 3 rations
 j - 3 chunks of flesh


   Skills:
 + Level 5.3 Fighting
 + Level 4.6 Axes
 + Level 3.0 Armour
 + Level 2.5 Dodging


You had 2 spell levels left.
You didn't know any spells.

Dungeon Overview and Level Annotations

Branches:
Dungeon (1/1)

Altars:


Innate Abilities, Weirdness & Mutations

You are resistant to torment.
Your stone body is resilient. (AC +3)
You are immune to poison.
You resist negative energy. (rN+)
You are resistant to electric shocks. (rElec)
You can survive without breathing.
You are immune to petrification.
You are immune to rotting.


Message History

You now have 34 gold pieces (gained 8).
You recover from your berserk rage.
There is an open door here.
You open the door.
A water elemental comes into view.
The water elemental closely misses you.
There is an open door to the Ecumenical Temple here.
A red film seems to cover your vision as you go berserk!
You feel yourself moving faster!
You feel mighty!
You feel a lot more hungry. The water elemental hits you!!
Ouch! That really hurt!
You barely miss the water elemental. The water elemental barely misses you.
You barely miss the water elemental. The water elemental misses you.
You barely miss the water elemental. You barely miss the water elemental.
The water elemental hits you.
The water elemental engulfs you in water!
You slash the water elemental!
The water elemental is moderately damaged.
The water elemental hits you!
You die...

▓▓▓▓▓▓▓ ▓▓▓ ..#)..####
##.# ..#......#####..#
.##.......#..#..#
#.##.##...#..#..###+#+##
#.##.###..##'#..#.......
.####.##..###...@E⌠.....
###..##..####...#...####
.....##..###÷...#.⌠.#
##..##...##.....#...#
#..##....#......#+###
..###..##.#.....# ..#
#..#####....# ▓▓▓ ▓▓▓▓
▓▓▓▓▓▓


You could see a water elemental.

Vanquished Creatures
  A human (D)
  A wolf (D)
  An ooze (D)
  3 rats (D)
6 creatures vanquished.

Vanquished Creatures (others)
  2 hellions (D)
  A yaktaur (D)
  2 plants (D)
5 creatures vanquished.

Grand Total: 11 creatures vanquished

Notes
Turn   | Place    | Note
-------+----------+-------------------------------------------
     0 | D        | Dfrag the Gargoyle Berserker began the quest for the Orb.
     0 | D        | Reached XP level 1. HP: 14/14 MP: 1/1
    14 | D        | Reached skill level 4 in Fighting
    31 | D        | Reached ** piety under Trog
    38 | D        | Reached XP level 2. HP: 18/20 MP: 2/2
    67 | D        | Reached skill level 5 in Fighting
    67 | D        | Reached XP level 3. HP: 26/26 MP: 3/3
    83 | D        | Killed a yaktaur
    86 | D        | Killed a hellion
    87 | D        | Killed a hellion
   108 | D        | Noticed a water elemental
   115 | D        | Slain by a water elemental

Skill      XL: |  1  2 |
---------------+-------+-----
Fighting       | 4 5 |  5.3
Axes           | 3 4 |  4.6
Dodging        | 2 |  2.5
Armour         | 3 |  3.0

Action                   || total
-------------------------++-------
Melee: Hand axe          ||    29
Invok: Berserk           ||     2
       Trog's Hand       ||     1
Armor: Animal skin       ||     2
Dodge: Dodged            ||    19
